 Dungeon Crawl Stone Soup version 0.22.1-2-g9c5b331 (webtiles) character file.

75 retrovino the Skirmisher (level 4, -4/37 HPs)
             Began as a Merfolk Fighter on Dec 25, 2018.
             Killed from afar by Sigmund (7 damage)
             ... with a puff of flame
             ... on level 2 of the Dungeon.
             The game lasted 00:14:52 (1950 turns).

retrovino the Skirmisher (Merfolk Fighter)          Turns: 1950, Time: 00:14:52

Health: -4/37      AC:  6    Str: 16    XL:     4   Next: 31%
Magic:  4/4        EV:  7    Int:  7    God:
Gold:   116        SH:  9    Dex: 14    Spells: 3/3 levels left

rFire    . . .     SeeInvis .   a - +0 long sword
rCold    . . .     Gourm    .   c - +0 shield
rNeg     . . .     Faith    .   b - +0 scale mail
rPois    .         Spirit   .   (no helmet)
rElec    .         Reflect  .   (no cloak)
rCorr    .         Harm     .   (no gloves)
MR       .....                  (no boots)
Stlth    ..........             (no amulet)
HPRegen  0.12/turn              (no ring)
MPRegen  0.09/turn              (no ring)

@: no status effects
A: change form in water, swift swim, stealthy swim
a: no special abilities


You were on level 2 of the Dungeon.
You were not hungry.

You visited 1 branch of the dungeon, and saw 2 of its levels.

You collected 116 gold pieces.

Inventory:

Hand Weapons
 a - a +0 long sword (weapon)
 e - a +0 dagger
 g - a +0 mace
 j - a +0 dagger
 o - a +0 club
 p - a +0 club
 q - a +0 short sword
 x - a +0 whip
 D - a +0 hunting sling
Missiles
 k - 37 bolts
 m - 115 stones (quivered)
Armour
 b - a +0 scale mail (worn)
 c - a +0 shield (worn)
 s - a cursed +0 ring mail
 w - a +0 robe
 y - a +0 ring mail
 A - a +0 leather armour
Jewellery
 n - a +6 ring of strength {unknown}
Scrolls
 l - 2 scrolls of identify {unknown}
 r - a scroll of enchant weapon {unknown}
 t - 2 scrolls of remove curse {unknown}
 B - a scroll of teleportation {unknown}
Potions
 d - 2 potions of might
 h - a potion of berserk rage {unknown}
 i - a potion of lignification {unknown}
 u - a potion of heal wounds {unknown}
 v - a potion of haste {unknown}
 z - a potion of agility
 C - a potion of cancellation {unknown}
Comestibles
 f - 5 rations


   Skills:
 + Level 3.8 Fighting
 + Level 3.3 Long Blades
 + Level 2.5 Armour
 + Level 1.0 Dodging
 + Level 3.5 Shields


You had 3 spell levels left.
You didn't know any spells.
Your spell library was empty.

Dungeon Overview and Level Annotations

Branches:
Dungeon (2/15)

Altars:

Annotations:
D:2 Sigmund


Message History

* * * LOW HITPOINT WARNING * * *
You closely miss Sigmund.
Sigmund is heavily wounded.
You block Sigmund's attack.
You slash Sigmund!
Sigmund is severely wounded.
Sigmund giggles. "Time to reap what you sow."
Sigmund casts a spell at you. You resist with some effort.
You hit Sigmund.
Sigmund is almost dead.
Sigmund barely misses you.
You hit Sigmund.
Sigmund is almost dead.
Sigmund hits you but does no damage.
You completely miss Sigmund.
Sigmund is almost dead.
Sigmund casts a spell at you. The puff of flame hits you!
You die...

.##.............#
##.##
.################
#.# .# #.# .#
#####.###.# .#
#........# ##
#.###.###.# #.#
#.# ##.###.#
#@@.##.#
#....#..>...
#.##...##.## #
##.###.# #######
.# #.# ......##
.# #.. ####...#
.# #.###.# .# ..#
.#


You could see Sigmund.

Vanquished Creatures
  2 adders (D:2)
  An ooze (D:2)
  A worm (D:2)
  A dart slug (D:2)
  3 leopard geckos (D:1)
  4 giant cockroaches (D:2)
  5 hobgoblins
  4 jackals
  7 kobolds (D:1)
  2 quokkas (D:2)
  4 bats
  2 frilled lizards
  2 goblins (D:1)
  5 rats
43 creatures vanquished.

Notes
Turn   | Place    | Note
-------+----------+-------------------------------------------
     0 | D:1      | retrovino the Merfolk Fighter began the quest for the Orb.
     0 | D:1      | Reached XP level 1. HP: 18/18 MP: 1/1
   331 | D:1      | Reached XP level 2. HP: 16/24 MP: 2/2
   898 | D:1      | Reached XP level 3. HP: 25/29 MP: 3/3
  1668 | D:2      | Reached XP level 4. HP: 29/37 MP: 4/4
  1800 | D:2      | Reached skill level 1 in Dodging
  1930 | D:2      | Noticed Sigmund
  1950 | D:2      | Killed from afar by Sigmund

Skill      XL: |  1  2  3  4 |
---------------+-------------+-----
Long Blades    | 3 |  3.3
Dodging        | 1 |  1.0
Fighting       | |  3.8
Armour         | |  2.5
Shields        | |  3.5

Action                   |  1- 3 |  4- 6 || total
-------------------------+-------+-------++-------
Melee: Long sword        |   147 |    25 ||   172
  Eat: Ration            |     2 |       ||     2
Armor: Scale mail        |    63 |     8 ||    71
Dodge: Dodged            |    52 |    11 ||    63
Block: Shield            |    92 |     4 ||    96
       Rpst.: Long sword |    14 |     3 ||    17
